 Dungeon Crawl Stone Soup version 0.18-a0-846-g91b95b1 (webtiles) character file.

38 tof the Ruffian (level 3, -1/33 HPs)
             Began as a Minotaur Monk on Dec 20, 2015.
             Slain by Robin
             ... wielding a +6 club
              (2 damage)
             ... on level 2 of the Dungeon.
             The game lasted 00:04:10 (1549 turns).

tof the Ruffian (Minotaur Monk)                     Turns: 1549, Time: 00:04:11

Health: -1/33      AC:  8    Str: 15    XL:     3   Next: 25%
Magic:  2/2        EV:  7    Int:  7    God:
Gold:   92         SH:  0    Dex: 13    Spells: 0 memorised, 2 levels left

rFire  . . .     SeeInvis .     c - +0 club
rCold  . . .     Gourm    .     e - +0 chain mail
rNeg   . . .     Faith    .     (no shield)
rPois  .         Spirit   .     (helmet restricted)
rElec  .         Dismiss  .     (no cloak)
rCorr  .         Reflect  .     (no gloves)
SustAt .         Harm     .     (no boots)
MR     .....                    l - amulet of rage
Stlth  ..........               (no ring)
                                (no ring)

@: not resistant to hostile enchantments, extremely unstealthy
A: retaliatory headbutt, horns 2
a: Evoke Berserk Rage


You were on level 2 of the Dungeon.
You were not hungry.

You visited 1 branch of the dungeon, and saw 2 of its levels.

You collected 92 gold pieces.

Inventory:

Hand Weapons
 c - a +0 club (weapon)
Armour
 a - a +0 robe
 e - a +0 chain mail (worn)
Jewellery
 l - an amulet of rage (around neck)
Scrolls
 f - a scroll of noise {unknown}
 g - a scroll of remove curse {unknown}
 i - a scroll of teleportation {unknown}
 j - 4 scrolls of identify {unknown}
 n - a scroll of immolation {unknown}
Potions
 h - a potion of flight {unknown}
 k - a potion of haste {unknown}
 m - a potion of cancellation {unknown}
 o - a potion of heal wounds {unknown}
 p - a potion of ambrosia {unknown}
Comestibles
 b - a bread ration
 d - 2 fruits


   Skills:
 + Level 3.8 Fighting
 + Level 1.0 Armour
 + Level 3.7 Dodging
 + Level 1.6 Stealth
 + Level 5.0 Unarmed Combat


You had 2 spell levels left.
You didn't know any spells.

Dungeon Overview and Level Annotations

Branches:
Dungeon (2/15)

Altars:
Qazlal
Xom

Annotations:
D:2 Robin


Innate Abilities, Weirdness & Mutations

You reflexively headbutt those who attack you in melee.
You have a pair of horns on your head.


Message History

Robin is heavily wounded.
Robin roars a battlecry!
The goblin goes into a battle-frenzy!
Robin hits you but does no damage. The goblin hits you but does no damage.
The hobgoblin hits you but does no damage.
The goblin hits you but does no damage.
You barely miss Robin. You headbutt Robin.
Robin is severely wounded.
Robin closely misses you. The goblin closely misses you.
The hobgoblin hits you.
* * * LOW HITPOINT WARNING * * *
The goblin hits you but does no damage. x2
Robin hits you but does no damage.
You hit Robin.
Robin is almost dead.
The hobgoblin closely misses you. The goblin closely misses you.
The goblin barely misses you.
The hobgoblin hits you but does no damage.
Robin hits you with an enchanted club.
You die...

........## #.# .........#
#.# ...#.gg.g###### #.#
###g#..))'.##.## #.#
#...#....#)#.#.## #.#
#.#.#..g.#..###.#####.#####
#...#....#)## ##...........
#.###...##gw###.####...####
.#......#.@g.#.## #.....#
.......##gg##.## ##...##
.....###..#### ##.## #.#..#
#.# #....# #.# ##.#.##
##'## ##.###.## ##...##
##.## ##.# ##.....##
#...###..## ##.....>.#


You could see a worm, Robin, a hobgoblin (frenzied) and 2 goblins.

Vanquished Creatures
  A giant gecko (D:1)
  A ball python (D:1)
  2 giant cockroaches (D:1)
  7 goblins
  9 hobgoblins
  4 jackals (D:2)
  A bat (D:1)
  2 giant newts (D:1)
  2 kobolds
  5 rats
34 creatures vanquished.

Notes
Turn   | Place    | Note
--------------------------------------------------------------
     0 | D:1      | tof the Minotaur Monk began the quest for the Orb.
     0 | D:1      | Reached XP level 1. HP: 19/19 MP: 0/0
   261 | D:1      | Reached XP level 2. HP: 24/27 MP: 1/1
   847 | D:1      | Reached skill level 5 in Unarmed Combat
  1207 | D:2      | Reached XP level 3. HP: 33/33 MP: 2/2
  1327 | D:2      | Found a shimmering altar of Xom.
  1327 | D:2      | Found a stormy altar of Qazlal.
  1516 | D:2      | Noticed Robin
  1546 | D:2      | Reached skill level 1 in Armour
  1548 | D:2      | HP: 1/33 [hobgoblin[Robin] (1)]
  1549 | D:2      | Slain by Robin

Vault maps used:
D:1:      erik_arrival_cave_to_civilisation, st_stairs_12
D:2:      gammafunk_temple_overflow_statue, kennysheep_potato, uniq_robin

Action                   || total
-------------------------++-------
Melee: Club              ||    78
       Unarmed           ||     4
  Eat: Chunk             ||     2
